Map: Submarine LE

Players

Silky - Winner!

  • Race: Zerg Zerg
  • Spawn Location: 5:00

Neeb

  • Race: Protoss Protoss
  • Spawn Location: 11:00

Event: DreamHack SC2 Masters 2020 Summer North America

VOD

Have the link to the VOD?

Description

Time

  • Played on: June 30, 2020, 4:44 p.m.
  • Length: 5:01

All games in this series

Show
View Real Time Build Order
Export as new Build Order

Silky Zerg - Winner!

Build Orders: Pool First 

Get SALT Encoding   

  12  0:17  Spawning Pool  
  11  0:22  Drone  
  11  0:26  Drone  
  13  0:31  Drone  
  14  0:39  Overlord  
  14  1:04  Zergling x4  
  14  1:05  Zergling x2  
  17  1:15  Zergling x2  
  18  1:25  Hatchery  
  17  1:26  Zergling x2  
  18  1:38  Zergling x2  
  19  1:50  Zergling x2  
  20  1:59  Hatchery  
  18  2:02  Zergling x2  
  19  2:11  Zergling x2  
  19  2:20  Zergling x2  
  18  2:32  Zergling x2  
  19  2:37  Zergling x2  
  19  2:38  Queen  
  19  2:41  Zergling x2  
  22  2:48  Zergling x2  
  22  2:54  Zergling x2  
  22  3:00  Zergling x2  
  22  3:03  Zergling x2  
  24  3:11  Zergling x2  
  23  3:13  Queen  
  23  3:18  Zergling x2  
  24  3:23  Zergling x2  
  24  3:25  Zergling x2  
  25  3:33  Zergling x2  
  23  3:43  Zergling x4  
  23  3:45  Zergling x4  
  26  3:48  Zergling x2  
  26  3:53  Zergling x2  
  26  3:58  Zergling x2  
  26  4:03  Zergling x2  
  26  4:06  Zergling x2  
  27  4:15  Zergling x4  
  29  4:22  Zergling x2  
  27  4:27  Zergling x2  
  27  4:28  Zergling x2  
  29  4:35  Zergling x4  
  31  4:43  Zergling x4  
Show
View Real Time Build Order
Export as new Build Order

Neeb Protoss 

Build Orders:  

Get SALT Encoding   

  12  0:00  Probe  
  13  0:12  Probe  
  14  0:19  Pylon  
  14  0:25  Probe  
  15  0:33  Probe  
  15  0:40  Gateway  
  15  0:41  Probe  
  17  0:50  Assimilator  
  17  0:52  Probe  
  18  1:04  Probe  
  19  1:05  Pylon  
  20  1:19  Zealot  
  20  1:24  Gateway  
  20  1:27  Cybernetics Core  
  20  1:32  Pylon  
  21  1:35  Probe  
  22  1:48  Probe  
  22  1:49  Zealot  
  25  2:03  Shield Battery  
  25  2:07  Adept  
  25  2:09  Gateway  
  23  2:16  Gateway  
  25  2:22  Shield Battery  
  23  2:37  Stalker, Shield Battery  
  23  2:42  Shield Battery  
  23  2:43  Shield Battery  
  25  2:51  Pylon  
  23  3:05  Stalker  
  23  3:07  Stalker  
  25  3:32  Adept  
  25  3:44  Adept  
  25  3:45  Probe  
  30  3:57  Pylon  
  28  4:16  Shield Battery  
  30  4:21  Shield Battery  
Tags
 
Add a new tag
Caveats
  • Supply blocks, unpowered buildings, or Contaminate may cause inaccurate times.
  • Supply counts are checked every 10 seconds.